 Dungeon Crawl Stone Soup version 0.28.0-62-gf88900778d (webtiles) character file.

Game seed: 17444050886438464306

863 Coron the Sneak (level 7, 0/66 HPs)
             Began as a Deep Dwarf Delver on Apr 1, 2023.
             Slain by a water moccasin zombie (4 damage)
             ... on level 5 of the Dungeon.
             The game lasted 00:16:05 (3844 turns).

Coron the Sneak (Deep Dwarf Delver)                 Turns: 3844, Time: 00:16:06

Health: 0/66       AC:  9    Str: 18    XL:     7   Next: 72%
Magic:  4/4        EV: 12    Int: 10    God:
Gold:   250        SH:  0    Dex: 14    Spells: 6/6 levels left

rFire   . . .      SeeInvis .   A - +1 short sword (vamp)
rCold   . . .      Faith    .   (no shield)
rNeg    . . .      Spirit   .   w - +0 ring mail
rPois   .          Reflect  .   s - +2 helmet
rElec   .          Harm     .   (no cloak)
rCorr   .          Rampage  .   (no gloves)
Will    +....                   (no boots)
Stlth   +++.......              (no amulet)
HPRegen 0.00/turn               (no ring)
MPRegen 0.09/turn               (no ring)

@: no status effects
A: damage resistance, heal wounds, sense surroundings 1, no regeneration
a: Heal Wounds


You were on level 5 of the Dungeon.
You visited 1 branch of the dungeon, and saw 5 of its levels.

You collected 250 gold pieces.

Inventory:

Hand Weapons
 a - a +1 hand axe
 n - a +2 flail of holy wrath
 y - a +0 war axe
 z - a +1 hand axe of venom
 A - a +1 vampiric short sword (weapon)
Missiles
 h - 152 stones
 t - 37 sling bullets
 x - 3 poisoned darts (quivered)
Armour
 b - a +0 leather armour
 s - a +2 helmet (worn)
 w - a +0 ring mail (worn)
Jewellery
 j - a ring of willpower
 D - a ring of fire
Wands
 g - a wand of digging (3)
 r - a wand of polymorph (5)
 C - a wand of charming (10)
Scrolls
 c - 2 scrolls of fog
 d - a scroll of magic mapping
 e - a scroll of fear
 k - a scroll of amnesia
 l - 2 scrolls of enchant weapon
 p - 2 scrolls of teleportation
Potions
 f - a potion of haste
 i - 2 potions of might
 m - 2 potions of brilliance
 o - a potion of attraction
 q - a potion of flight
 u - a potion of lignification {unknown}
 v - 3 potions of curing {unknown}
 B - a potion of mutation {unknown}


   Skills:
 + Level 4.3 Fighting
 - Level 6.0 Axes
 - Level 6.0 Armour
 - Level 3.0 Dodging
 - Level 6.1 Stealth


You had 6 spell levels left.
You didn't know any spells.
Your spell library contained the following spells:

 Spells                   Type           Power      Damage    Failure   Level
 Apportation              Tloc           0%         N/A       54%         1
 Slow                     Hex            0%         N/A       54%         1
 Blink                    Tloc           0%         N/A       67%         2
 Confusing Touch          Hex            0%         N/A       88%         3
 Vampiric Draining        Necr           0%         2d6       88%         3
 Alistair's Intoxication  Tmut/Pois      0%         N/A       100%        5
 Manifold Assault         Tloc           0%         N/A       100%        5
 Yara's Violent Unravell  Hex/Tmut       0%         3d3       100%        5
 Enfeeble                 Hex            0%         N/A       100%        7
 Storm Form               Tmut/Air       0%         N/A       100%        7


Dungeon Overview and Level Annotations

Branches:
Dungeon (5/15)
 Temple: D:4-7

Altars:

Shops:
D:5 :


Innate Abilities, Weirdness & Mutations

You are resistant to damage.
You can heal yourself by infusing magical energy.
You passively map a small area around you.
You do not regenerate.


Message History

The centaur barely misses you.
You barely miss the centaur.
The centaur is almost dead.
The water moccasin zombie bites you but does no damage.
The centaur hits you.
The centaur kicks you but does no damage.
The water moccasin zombie closely misses you.
The centaur barely misses you. The centaur misses you.
You closely miss the centaur.
The centaur is almost dead.
The centaur hits you. The centaur closely misses you.
The water moccasin zombie closely misses you.
Unknown command.
You closely miss the centaur.
The centaur is almost dead.
The centaur barely misses you.
The centaur kicks you but does no damage.
The water moccasin zombie bites you but does no damage.
The centaur barely misses you.
The centaur kicks you but does no damage.
You hit the centaur but do no damage.
The centaur is almost dead.
The water moccasin zombie misses you.
The centaur hits you but does no damage.
The centaur kicks you but does no damage.
The water moccasin zombie bites you.
* * * LOW HITPOINT WARNING * * *
You hit the centaur but do no damage.
The centaur is almost dead.
The centaur barely misses you. The centaur closely misses you.
The water moccasin zombie bites you but does no damage.
The centaur hits you but does no damage.
The centaur kicks you but does no damage.
Unknown command.
You barely miss the centaur.
The centaur is almost dead.
The centaur closely misses you.
The centaur kicks you but does no damage.
The water moccasin zombie bites you.
You die...

** ≈≈
#####.........###....
* ** #.........# #.>..
#.###.....# #.### ≈≈
#####.# #.....# #.###
* ##≈#####.....#
#.....# #.#..
≈≈≈≈≈...########.....#
#.#.#
.≈≈≈....#............#
#.#.#
......#.....Z........#
#.#.#
......###..@c.........
..#.# .....
#.........########.#
..... * #.........#
#.# .... #.........#
#.# .... , #.........#
#.# , #.........# #.#
* * #.........# #.# ,
#.........# #.# * * *
#.#


You could see a centaur and a water moccasin zombie.

Vanquished Creatures
  2 ice beasts (D:5)
  2 scorpions
  2 hounds
  2 orc priests (D:4)
  A jelly (D:4)
  Jessica (D:2)
  A centaur skeleton (D:5)
  An iguana (D:4)
  6 orc wizards
  Robin (D:2)
  3 gnolls (D:5)
  5 adders
  An adder skeleton (D:4)
  A worm (D:2)
  3 dart slugs
  11 orcs (D:4)
  5 endoplasms
  4 giant cockroaches
  12 goblins
  12 hobgoblins
  2 jackals (D:4)
  2 quokkas
  7 ball pythons
  8 bats
  6 frilled lizards
  13 kobolds
  4 rats
118 creatures vanquished.

Vanquished Creatures (others)
  A fungus (D:1)
  5 plants
6 creatures vanquished.

Grand Total: 124 creatures vanquished

Notes
Turn   | Place    | Note
-------+----------+-------------------------------------------
     0 | D:5      | Coron the Deep Dwarf Delver began the quest for the Orb.
     0 | D:5      | Reached XP level 1. HP: 20/20 MP: 1/1
    11 | D:4      | Noticed an orc priest
    11 | D:4      | Noticed an orc wizard
    11 | D:4      | Noticed an orc wizard
    11 | D:4      | Noticed an orc wizard
    70 | D:5      | Found Teduim's Book Boutique.
   141 | D:4      | Noticed an orc priest
   201 | D:2      | Reached XP level 2. HP: 18/27 MP: 2/2
   522 | D:1      | Reached XP level 3. HP: 34/34 MP: 2/2
   768 | D:1      | Found a faded altar of an unknown god.
   942 | D:2      | Noticed Jessica
   955 | D:2      | Killed Jessica
   956 | D:2      | Reached XP level 4. HP: 41/42 MP: 3/3
  1360 | D:2      | Noticed Robin
  1378 | D:2      | Killed Robin
  2341 | D:4      | Reached XP level 5. HP: 27/49 MP: 4/4
  2401 | D:4      | Reached XP level 6. HP: 14/56 MP: 4/4
  2405 | D:4      | Reached skill level 5 in Axes
  2873 | D:4      | Reached skill level 5 in Armour
  2873 | D:4      | Reached XP level 7. HP: 61/64 MP: 5/5
  3844 | D:5      | Slain by a water moccasin zombie

Illustrated notes

Levels and vault maps discovered:
D:1:      lemuel_arrival_broad_hall, layout_rooms,
          shapermc_ecumenical_altar_mp_ritualfount, minmay_quantized
D:2:      layout_basic, uniq_robin, uniq_jessica
D:3:      layout_basic
D:4:      layout_rooms, minmay_surrounded
D:5:      layout_basic, serial_shops, shop_statue, corexii_shack,
          minmay_statues_item, lemuel_another_geyser

Skill      XL: |  1  2  3  4  5  6  7 |
---------------+----------------------+-----
Fighting       | 3 4 |  4.3
Axes           | 3 4 5 6 |  6.0
Dodging        | 3 |  3.0
Armour         | 2 4 5 6 |  6.0
Stealth        | |  6.1

Action                   |  1- 3 |  4- 6 |  7- 9 || total
-------------------------+-------+-------+-------++-------
Melee: Hand axe          |    91 |    85 |    23 ||   199
       Punch             |     2 |     3 |     1 ||     6
       Unarmed           |       |    13 |       ||    13
       War axe           |       |    58 |     3 ||    61
       Short sword       |       |    45 |   132 ||   177
       Flail             |       |       |     2 ||     2
Throw: Dart              |       |     3 |     3 ||     6
 Abil: Heal Wounds       |     1 |     3 |     3 ||     7
  Use: Scroll            |     3 |     3 |     3 ||     9
       Potion            |       |     1 |       ||     1
 Stab: Sleeping          |     9 |     6 |     1 ||    16
Armor: Leather armour    |    17 |    19 |       ||    36
       Ring mail         |       |    86 |   112 ||   198
       Skin              |       |     2 |       ||     2
Dodge: Dodged            |    69 |   133 |   117 ||   319
